 Dungeon Crawl Stone Soup version 0.31-a0-208-gdb31a4691d (webtiles) character file.

Game seed: 17902740517235977190

1707 Ofeo the Cudgeller (level 8, -5/74 HPs)
             Began as an Armataur Reaver on June 28, 2023.
             Was a Follower of Yredelemnul.
             Slain by an orc warrior
             ... wielding a +0 glaive
              (12 damage)
             ... in a bailey.
             The game lasted 00:10:37 (6493 turns).

Ofeo the Cudgeller (Armataur Reaver)                Turns: 6493, Time: 00:10:38

Health: -5/74      AC: 12    Str: 27    XL:     8   Next: 73%
Magic:  11/11      EV:  9    Int: 12    God:    Yredelemnul [*.....]
Gold:   572        SH:  0    Dex:  9    Spells: 11/12 levels left

rFire   . . .        h - +2 flail (protect)
rCold   + + .        (no shield)
rNeg    . . .        t - +4 scale mail
rPois   +            g - +0 helmet
rElec   .            w - +0 cloak
rCorr   +            (no gloves)
SInv    .            (no barding)
Will    .....        (no amulet) Stlth
                     c - ring "Wucum" {+Blink rC++ rCorr Str+8 Int-2}
HPRegen 0.32/turn    l - ring of poison resistance
MPRegen 0.12/turn

%: roll
@: no status effects
A: large, rugged brown scales 3, deformed body, armoured tail, roll, long
tongue, awkward tongue
a: Renounce Religion, Evoke Blink, Recall Undead Harvest


You were in a bailey.
You worshipped Yredelemnul.
Yredelemnul was noncommittal.
You visited 2 branches of the dungeon, and saw 8 of its levels.
You also visited: Bailey.

You collected 572 gold pieces.

Inventory:

Hand Weapons
 h - a +2 flail of protection (weapon)
Armour
 g - a +0 helmet (worn)
 t - a +4 scale mail (worn)
 w - a +0 cloak (worn)
Jewellery
 c - the ring "Wucum" (left hand) {+Blink rC++ rCorr Str+8 Int-2}
   (You acquired it on level 3 of the Dungeon)

   [ring of resist corrosion]

   Str:       It affects your strength (+8).
   Int:       It affects your intelligence (-2).
   rC:        It greatly protects you from cold.
   +Blink:    It lets you blink.
   rCorr:     It protects you from acid and corrosion.
 j - a ring of positive energy
 l - a ring of poison resistance (right hand)
 m - a +6 ring of dexterity
 p - a +6 ring of dexterity
Wands
 v - a wand of iceblast (27) {@v4}
Scrolls
 d - a scroll of teleportation {@r3}
 r - a scroll of silence
 u - a scroll of torment
 x - a scroll of enchant armour
Potions
 a - a potion of lignification {unknown}
 b - a potion of enlightenment {unknown}
 e - a potion of invisibility {unknown}
 f - a potion of cancellation
 k - a potion of ambrosia
 n - a potion of mutation {unknown}
 o - a potion of berserk rage {unknown}
 q - 2 potions of curing {@q1}


   Skills:
 + Level 5.9 Fighting
 + Level 6.2 Maces & Flails
 + Level 4.8 Dodging
 - Level 2.5 Spellcasting
 - Level 3.4 Conjurations


You had 11 spell levels left.
You knew the following spells:

 Your Spells              Type           Power      Damage    Failure   Level
a - Kiss of Death         Conj/Necr      20%        2d7       30%         1

Your spell library contained the following spells:

 Spells                   Type           Power      Damage    Failure   Level
 Momentum Strike          Conj/Tloc      10%        3d8       41%         2
 Hailstorm                Conj/Ice       5%         3d4       65%         3
 Ensorcelled Hibernation  Hex/Ice        2%         N/A       67%         2
 Passwall                 Tmut/Erth      0%         N/A       67%         2
 Scorch                   Fire           2%         2d5       67%         2
 Swiftness                Air            1%         N/A       88%         3
 Flame Wave               Conj/Fire      5%         2d5       96%         4
 Summon Cactus Giant      Summ           0%         N/A       100%        6


Dungeon Overview and Level Annotations

Branches:
Dungeon (7/15)             Temple (1/1) D:5          Bailey (1/1)

Altars:
Ashenzari
Dithmenos
Elyvilon
Fedhas
Gozag
Hepliaklqana
Kikubaaqudgha
Makhleb
Nemelex Xobeh
Okawaru
Qazlal
Ru
Sif Muna
Trog
Uskayaw
Vehumet
Wu Jian
Xom
Yredelemnul
Zin
The Shining One


Innate Abilities, Weirdness & Mutations

You are completely covered in rugged brown scales. (AC +3, +7% HP)
Armour fits poorly on your strangely shaped body.
You have a long armoured tail.
You roll when moving toward enemies. (Rampage)
Your long tongue fully drains potion bottles. (2x potion effects)
Your tongue gives you trouble enunciating. (1.5x scroll delay)


Message History

There is an open door here.
You closely miss the orc warrior.
Your tail-slap misses the orc warrior.
The orc warrior hits you with a +0 glaive!
You take 12 damage, and have 57/74 hp.
You barely miss the orc warrior.
Your tail-slap misses the orc warrior.
The orc warrior hits you but does no damage.
You hit the orc warrior.
Your weapon exudes an aura of protection.
The orc warrior is lightly wounded.
The orc warrior hits you with a +0 glaive!
You take 10 damage, and have 48/74 hp.
You sock the orc warrior!
Your tail-slap misses the orc warrior.
The orc warrior is heavily wounded.
The orc warrior hits you with a +0 glaive!
You take 15 damage, and have 33/74 hp.
MASSIVE DAMAGE!!
You closely miss the orc warrior.
The orc warrior is heavily wounded.
The orc warrior hits you with a +0 glaive.
You take 1 damage, and have 32/74 hp.
You sock the orc warrior!
The orc warrior is almost dead.
The orc warrior hits you but does no damage.
You completely miss the orc warrior.
The orc warrior is almost dead.
The orc warrior hits you with a +0 glaive!
* * * LOW HITPOINT WARNING * * *
The orc warrior hits you with a +0 glaive.
* * * LOW HITPOINT WARNING * * *
You take 17 damage, and have 15/74 hp.
MASSIVE DAMAGE!!
You closely miss the orc warrior.
The orc warrior is almost dead.
The orc warrior hits you with a +0 glaive!
* * * LOW HITPOINT WARNING * * *
You take 8 damage, and have 7/74 hp.
You swap places.
The orc warrior misses you.
Your orc zombie closely misses the orc warrior.
You swap places.
The orc warrior hits you from afar with a +0 glaive!
You die...
Your body rises from the dead as a mindless zombie.

..........# #..##.........
.........## ###.##.........
.........# #)'Z##.........
.........# ###Z##.........
.........## #)'.##.........
.........##. #######.##.........
..........#.. #o#.##..#..........
..........##..#Z#Z#..##..........
...........##..Z@ZZ.##...........
...≈≈.≈≈≈...#########...≈≈≈.≈≈...
..≈≈#.##≈......###......≈##.#≈≈..
..≈##.∩#≈...............≈#∩.##≈..
..≈#..)................))....#≈..
..≈##.##≈...............≈##.##≈..
.. ###≈≈...............≈≈###≈≈..
. ≈≈≈≈.................≈≈≈≈≈...
......................).......


You could see an orc warrior (ally target), 4 friendly orc zombies and a
friendly orc warrior zombie.

Vanquished Creatures
  A steam dragon (D:6)
  2 ice beasts (D:6)
  4 orc warriors (Bailey)
  An ogre (D:6)
  A bullfrog (D:5)
  4 scorpions
  A howler monkey (D:7)
  2 hounds
  An orc priest (D:6)
  A gnoll bouda (D:6)
  An orc wizard (D:6)
  3 gnolls (D:6)
  6 adders
  A white imp (D:6)
  A worm (D:3)
  A dart slug (D:2)
  30 orcs
  5 ball pythons
  9 endoplasms
  5 giant cockroaches
  3 hobgoblins
  5 jackals (D:2)
  4 quokkas
  2 bats
  3 frilled lizards
  10 goblins
  9 kobolds
  5 rats
121 creatures vanquished.

Vanquished Creatures (collateral kills)
  An ice beast (D:6)
  An ogre (D:5)
  2 hounds (D:5)
  3 orcs
7 creatures vanquished.

Vanquished Creatures (others)
  A hound (D:6)
  A scorpion zombie (D:6)
  A hound zombie (D:5)
  3 orc zombies
  A spectral white imp (D:6)
  An orc (Bailey)
  2 gnoll zombies (D:6)
  A quokka zombie (D:5)
11 creatures vanquished.

Grand Total: 139 creatures vanquished

Notes
Turn   | Place    | Note
-------+----------+-------------------------------------------
     0 | D:1      | Ofeo the Armataur Reaver began the quest for the Orb.
     0 | D:1      | Reached XP level 1. HP: 18/18 MP: 3/3
   217 | D:1      | Reached XP level 2. HP: 20/25 MP: 4/4
   686 | D:2      | Reached XP level 3. HP: 24/31 MP: 6/6
   755 | D:2      | Reached skill level 3 in Maces & Flails
  1762 | D:3      | Identified the +1 trident of Dezucvoth {freeze, Int+3}
  1793 | D:3      | Reached XP level 4. HP: 38/38 MP: 7/7
  2177 | D:3      | Found a faded altar of an unknown god.
  2670 | D:3      | Identified a scroll of acquirement
  2680 | D:3      | Acquired the ring "Wucum" {+Blink rC++ rCorr Str+8 Int-2}
  2862 | D:4      | Found an opulent altar of Gozag.
  2863 | D:4      | Found a white marble altar of Elyvilon.
  3044 | D:4      | Noticed a scorpion
  3048 | D:4      | Killed a scorpion
  3049 | D:4      | Reached XP level 5. HP: 33/44 MP: 8/8
  3435 | D:5      | Entered Level 5 of the Dungeon
  3562 | D:5      | Found a staircase to the Ecumenical Temple.
  3631 | Temple   | Entered the Ecumenical Temple
  3978 | Temple   | Became a worshipper of Yredelemnul the Dark
  4156 | D:5      | Noticed an ogre
  4162 | D:5      | Killed an ogre
  4163 | D:5      | Reached XP level 6. HP: 4/54 MP: 9/9
  4348 | D:5      | Reached * piety under Yredelemnul
  4402 | D:5      | Reached skill level 4 in Maces & Flails
  4428 | D:5      | Found a hide-covered altar of Uskayaw.
  4754 | D:6      | Reached XP level 7. HP: 43/62 MP: 10/10
  5180 | D:6      | Reached ** piety under Yredelemnul
  5649 | D:6      | Reached skill level 5 in Maces & Flails
  5873 | D:6      | Noticed a steam dragon
  5881 | D:6      | Killed a steam dragon
  5882 | D:6      | Reached skill level 5 in Fighting
  5882 | D:6      | Reached XP level 8. HP: 51/72 MP: 11/11
  6076 | D:7      | Found a flagged portal.
  6095 | Bailey   | Entered a bailey
  6288 | Bailey   | Reached skill level 6 in Maces & Flails
  6493 | Bailey   | Slain by an orc warrior

Illustrated notes

Levels and vault maps discovered:
D:1:      elethiomel_arrival_fortress_basement, layout_rooms
D:2:      layout_basic, chequers_garden, kennysheep_generic_room_10
D:3:      layout_loops_cross, hellmonk_ecumenical_altar_heavens_door
D:4:      layout_loops_ring, mainiacjoe_overflow_divided_tiny
D:5:      layout_rooms, nicolae_overflow_crystal_walls, temple_doors_e
D:6:      layout_cave_pods
D:7:      layout_rooms, enter_bailey_3, serial_shops, shop, uniq_joseph
Temple:   mainiacjoe_temple_coin_purse
Bailey:   bailey_polearm_2, bailey

Skill      XL: |  1  2  3  4  5  6  7  8 |
---------------+-------------------------+-----
Fighting       | 2 3 5 |  5.9
Spellcasting   | 2 |  2.5
Maces & Flails | 3 4 5 6 |  6.2
Conjurations   | 3 |  3.4
Dodging        | 2 3 4 |  4.8

Action                     |  1- 3 |  4- 6 |  7- 9 || total
---------------------------+-------+-------+-------++-------
  Melee: Mace              |   147 |   109 |    57 ||   313
         Tailslap          |    12 |    15 |    14 ||    41
         Punch             |     1 |     1 |       ||     2
         Flail             |       |       |    83 ||    83
    Use: Scroll            |       |    11 |     1 ||    12
         Potion            |       |     2 |       ||     2
   Stab: Distracted        |       |     1 |     1 ||     2
 Armour: Leather armour    |    22 |       |       ||    22
         Chain mail        |    73 |    50 |       ||   123
         Scale mail        |       |    57 |   142 ||   199
  Dodge: Dodged            |    72 |    53 |   107 ||   232

Table legend: (Time is in decaauts)
 A = Elapsed time spent in this place.
 B = Non-inter-level travel time spent in this place.
 C = Inter-level travel time spent in this place.
 D = Time resting spent in this place.
 E = Time spent auto-exploring this place.
 F = Levels seen in this place.
 G = Mean time per level.
                   A        B        C        D        E       F      G
               +--------+--------+--------+--------+--------+-----+--------+
         Total |   6646 |   6350 |    296 |    637 |   4354 |   9 |  738.4 |
       Dungeon |   5881 |   5589 |    292 |    451 |   4248 |   7 |  840.1 |
        Temple |    359 |    355 |      4 |      0 |    106 |   1 |  359.0 |
        Bailey |    405 |    405 |      0 |    186 |      0 |   1 |  405.0 |
               +--------+--------+--------+--------+--------+-----+--------+

Top non-repeatable levels by time:
     D:6: 1318 daAuts
     D:2: 1065 daAuts
     D:3: 982 daAuts
     D:5: 978 daAuts
     D:4: 768 daAuts
     D:1: 693 daAuts
  Bailey: 405 daAuts
  Temple: 359 daAuts
     D:7: 73 daAuts
